 Dungeon Crawl Stone Soup version 0.26-a0-738-g91b530ce93 (webtiles) character file.

Game seed: 12255910973851043875

2020 Queen the Shield-Bearer (level 9, -6/57 HPs)
             Began as a Gargoyle Fighter on Nov 5, 2020.
             Was a Believer of Okawaru.
             Mangled by a two-headed ogre
             ... wielding a +0 giant club
              (7 damage)
             ... on level 8 of the Dungeon.
             The game lasted 00:16:10 (8418 turns).

Queen the Shield-Bearer (Gargoyle Fighter)          Turns: 8418, Time: 00:16:11

Health: -6/57      AC: 15    Str: 30    XL:     9   Next: 23%
Magic:  7/9        EV: 13    Int:  8    God:    Okawaru [**....]
Gold:   439        SH: 14    Dex: 15    Spells: 8/8 levels left

rFire    . . .     SeeInvis .   a - +3 whip
rCold    . . .     Faith    +   c - +0 kite shield
rNeg     + . .     Spirit   .   b - +0 scale mail
rPois    ∞         Reflect  .   (no helmet)
rElec    +         Harm     .   (no cloak)
rCorr    .         Rampage  .   (no gloves)
MR       .....                  (no boots)
Stlth    ++........             x - amulet of faith
HPRegen  0.19/turn              k - +6 ring of strength
MPRegen  0.11/turn              w - +6 ring of dexterity

@: heroism
A: negative energy resistance 1, electricity resistance, unbreathing,
petrification resistance, rot immunity, AC +6
a: Heroism, Renounce Religion


You were on level 8 of the Dungeon.
You worshipped Okawaru.
Okawaru was pleased with you.
You visited 2 branches of the dungeon, and saw 9 of its levels.

You collected 439 gold pieces.

Inventory:

Hand Weapons
 a - a +3 whip (weapon)
Armour
 b - a +0 scale mail (worn)
 c - a +0 kite shield (worn)
Jewellery
 k - a +6 ring of strength (left hand)
 w - a +6 ring of dexterity (right hand)
 x - an amulet of faith (around neck)
Wands
 v - a wand of polymorph (14)
 y - a wand of paralysis (4)
 A - a wand of iceblast (10)
Scrolls
 i - 6 scrolls of remove curse
 j - a scroll of enchant armour
 l - 5 scrolls of teleportation
 m - 2 scrolls of fog
 n - 3 scrolls of enchant weapon
 o - 2 scrolls of magic mapping
 p - a scroll of immolation
 t - a scroll of blinking
 B - a scroll of fear {unknown}
Potions
 d - 2 potions of might
 e - 2 potions of brilliance
 f - 2 potions of stabbing
 g - a potion of flight
 h - 7 potions of curing
 q - 2 potions of lignification
 r - 2 potions of berserk rage {unknown}
 s - a potion of invisibility
 u - a potion of ambrosia
 z - a potion of resistance


   Skills:
 * Level 7.1(12.1) Fighting
 + Level 6.7(11.7) Maces & Flails
 + Level 6.6(11.6) Armour
 + Level 7.4(12.4) Shields


You had 8 spell levels left.
You didn't know any spells.
Your spell library contained the following spells:

 Spells                   Type           Power        Failure   Level
 Summon Small Mammal      Summ           #...         71%         1
 Call Imp                 Summ           #.......     85%         2
 Call Canine Familiar     Summ           #.......     97%         3
 Summon Guardian Golem    Hex/Summ       #.......     97%         3
 Summon Ice Beast         Ice/Summ       #.......     100%        4
 Summon Lightning Spire   Summ/Air       #.......     100%        4


Dungeon Overview and Level Annotations

Branches:
Dungeon (8/15)             Temple (1/1) D:4
   Lair: D:8-11

Altars:
Ashenzari
Cheibriados
Dithmenos
Fedhas
Gozag
Hepliaklqana
Kikubaaqudgha
Makhleb
Nemelex Xobeh
Okawaru
Qazlal
Ru
Sif Muna
Trog
Uskayaw
Vehumet
Wu Jian
Yredelemnul
Zin
The Shining One

Shops:
D:5 (

Annotations:
D:2 Edmund


Innate Abilities, Weirdness & Mutations

You are resistant to torment.
Your stone body is resilient. (AC +6)
You are immune to poison.
You resist negative energy. (rN+)
You are resistant to electric shocks. (rElec)
You can survive without breathing.
You are immune to petrification.
You are immune to rotting.


Message History

The two-headed ogre hits you with a +0 giant club!
* * * LOW HITPOINT WARNING * * *
The two-headed ogre barely misses you.
You gain the combat prowess of a mighty hero.
The two-headed ogre closely misses you. You block the two-headed ogre's attack.
You hit the two-headed ogre.
The two-headed ogre is severely wounded.
You hit the two-headed ogre.
The two-headed ogre is almost dead.
You barely miss the two-headed ogre.
The two-headed ogre is almost dead.
The two-headed ogre hits you with a +0 giant club!
* * * LOW HITPOINT WARNING * * *
The two-headed ogre misses you.
You hit the two-headed ogre.
The two-headed ogre is almost dead.
You hit the two-headed ogre.
The two-headed ogre is almost dead.
The two-headed ogre hits you with a +0 giant club!
You die...

#.##......#
#.###B....# #.#
#..z..# #.#
#..O..# #.#
#...###
#.###...#########
#.#.....Oz.BO..B#
#.###.#######O#
#......)....@<#
####..#########
####''####
#.......)#
#........#
#..####..# #..#
#..# #..# #..#
#.[####).#


You could see a two-headed ogre and a worker ant.

Vanquished Creatures
  A hornet (D:8)
  Sigmund (D:6)
  2 sky beasts
  An orc warrior (D:8)
  A centaur (D:2)
  3 ogres (D:7)
  3 bullfrogs
  A wyvern skeleton (D:7)
  A scorpion (D:6)
  3 wights (D:8)
  A killer bee (D:8)
  A howler monkey (D:4)
  2 bullfrog zombies
  3 hounds
  An iguana (D:8)
  4 worker ants
  An orc wizard (D:4)
  4 gnolls
  7 adders
  A shadow imp (D:8)
  An ufetubus (D:5)
  An ooze (D:1)
  An adder zombie (D:8)
  2 adder skeletons
  2 worms (D:2)
  2 dart slugs
  6 leopard geckos
  15 orcs
  7 giant cockroaches
  7 hobgoblins
  6 jackals (D:2)
  4 quokkas
  12 bats
  9 frilled lizards
  8 goblins
  9 kobolds
  8 rats
142 creatures vanquished.

Notes
Turn   | Place    | Note
-------+----------+-------------------------------------------
     0 | D:1      | Queen the Gargoyle Fighter began the quest for the Orb.
     0 | D:1      | Reached XP level 1. HP: 14/14 MP: 1/1
   150 | D:1      | Reached XP level 2. HP: 19/19 MP: 2/2
   999 | D:2      | Reached XP level 3. HP: 12/24 MP: 3/3
  1518 | D:2      | Reached XP level 4. HP: 25/29 MP: 4/4
  2358 | D:3      | Noticed a centaur
  2363 | D:2      | Reached XP level 5. HP: 29/33 MP: 5/5
  2683 | D:2      | Killed a centaur
  2734 | D:3      | Reached XP level 6. HP: 33/39 MP: 6/6
  3047 | D:3      | Found a stormy altar of Qazlal.
  3048 | D:3      | Noticed a fire elemental
  3048 | D:3      | Noticed an air elemental
  3048 | D:3      | Noticed a water elemental
  3456 | D:4      | Reached skill level 5 in Shields
  3731 | D:4      | Noticed Edmund
  4255 | D:4      | Reached XP level 7. HP: 44/44 MP: 7/7
  4319 | D:4      | Found a staircase to the Ecumenical Temple.
  4501 | D:5      | Entered Level 5 of the Dungeon
  4601 | D:5      | Reached skill level 5 in Fighting
  4720 | D:5      | Found Deobobun's Antique Weapon Emporium.
  5451 | D:6      | Noticed Sigmund
  5810 | D:6      | Killed Sigmund
  5810 | D:6      | Reached skill level 5 in Armour
  6025 | D:6      | Found an opulent altar of Gozag.
  6055 | D:6      | You fall into a shaft and drop 2 floors!
  6157 | D:7      | Reached XP level 8. HP: 36/50 MP: 8/8
  6275 | D:7      | Reached skill level 5 in Maces & Flails
  6571 | Temple   | Entered the Ecumenical Temple
  6761 | Temple   | Became a worshipper of Warmaster Okawaru
  7674 | D:8      | Reached * piety under Okawaru
  8001 | D:8      | Reached XP level 9. HP: 55/56 MP: 9/9
  8076 | D:8      | Noticed a hornet
  8113 | D:8      | Killed a hornet
  8113 | D:8      | Reached ** piety under Okawaru
  8164 | D:8      | Noticed a two-headed ogre
  8416 | D:8      | HP: 1/57 [two-headed ogre/+0 giant club (14)]
  8418 | D:8      | Mangled by a two-headed ogre

Illustrated notes

Levels and vault maps discovered:
D:1:      dpeg_arrival_circle_labyrinth_a, layout_loops_ring
D:2:      layout_basic, minmay_misc_feat_roman, kennysheep_generic_room_12
D:3:      layout_loops_ring, hex_medium, hangedman_feature_mirror,
          nicolae_qazlal_style_of_elements
D:4:      cheibrodos_helix_gallery, layout_loops_ring,
          minmay_temple_entry_stoned_glass, uniq_edmund
D:5:      layout_basic, serial_shops, shop
D:6:      layout_loops_ring, nicolae_gozag_seed_capital, uniq_sigmund
D:7:      layout_loops_cross
D:8:      layout_basic, kennysheep_generic_room_6
Temple:   dpeg_five_rooms_temple

Skill      XL: |  1  2  3  4  5  6  7  8  9 |
---------------+----------------------------+-----
Shields        | 4 5 6 7 |  7.4
Fighting       | 4 5 6 7 |  7.1
Armour         | 4 5 6 |  6.6
Maces & Flails | 3 4 6 |  6.7

Action                   |  1- 3 |  4- 6 |  7- 9 || total
-------------------------+-------+-------+-------++-------
Melee: Whip              |   174 |   230 |   335 ||   739
Invok: Heroism           |       |       |     3 ||     3
  Use: Scroll            |       |     8 |     8 ||    16
Armor: Scale mail        |    78 |    88 |   103 ||   269
Dodge: Dodged            |    54 |    56 |    62 ||   172
Block: Kite shield       |    98 |   128 |   154 ||   380

Table legend: (Time is in decaauts)
 A = Elapsed time spent in this place.
 B = Non-inter-level travel time spent in this place.
 C = Inter-level travel time spent in this place.
 D = Time resting spent in this place.
 E = Time spent auto-exploring this place.
 F = Levels seen in this place.
 G = Mean time per level.
                   A        B        C        D        E       F      G
               +--------+--------+--------+--------+--------+-----+--------+
         Total |   8401 |   7797 |    604 |    959 |   5131 |   9 |  933.4 |
       Dungeon |   8161 |   7606 |    555 |    959 |   4943 |   8 | 1020.1 |
        Temple |    239 |    190 |     49 |      0 |    188 |   1 |  239.0 |
               +--------+--------+--------+--------+--------+-----+--------+

Top non-repeatable levels by time:
     D:2: 1927 daAuts
     D:5: 1208 daAuts
     D:1: 1147 daAuts
     D:7: 962 daAuts
     D:3: 824 daAuts
     D:6: 794 daAuts
     D:4: 697 daAuts
     D:8: 599 daAuts
  Temple: 239 daAuts
